 Dungeon Crawl Stone Soup version 0.30-a0-341-g682706514a (webtiles) character file.

Game seed: 14194758880884784893

18 Harunobu the Trooper (level 2, 0/19 HPs)
             Began as a Gargoyle Monk on Oct 31, 2022.
             Slain by an adder (4 damage)
             ... on level 2 of the Dungeon.
             The game lasted 00:01:05 (893 turns).

Harunobu the Trooper (Gargoyle Monk)                 Turns: 893, Time: 00:01:06

Health: 0/19       AC:  4    Str: 14    XL:     2   Next: 70%
Magic:  2/2        EV: 12    Int: 10    God:
Gold:   47         SH:  0    Dex: 12    Spells: 1/1 levels left

rFire   . . .      SeeInvis .    f - +0 great sword
rCold   . . .      Faith    .    (shield currently unavailable)
rNeg    + . .      Spirit   .    b - +0 robe
rPois   ∞          Reflect  .    (no helmet)
rElec   +          Harm     .    (no cloak)
rCorr   .          Rampage  .    (no gloves)
Will    .....                    (no boots)
Stlth   ++........               (no amulet)
HPRegen 0.23/turn                (no ring)
MPRegen 0.08/turn                (no ring)

@: no status effects
A: sickness immunity, AC +2, negative energy resistance 1, electricity
resistance, torment resistance 1, petrification resistance
a: no special abilities


You were on level 2 of the Dungeon.
You visited 1 branch of the dungeon, and saw 2 of its levels.

You collected 47 gold pieces.

Inventory:

Hand Weapons
 a - a +0 mace
 f - a +0 great sword (weapon)
Armour
 b - a +0 robe (worn)
Scrolls
 d - a scroll of poison {unknown}
 e - 3 scrolls of identify {unknown}
 h - a scroll of blinking {unknown}
 k - a scroll of amnesia {unknown}
 l - a scroll of immolation {unknown}
 m - a scroll of torment {unknown}
 p - a scroll of vulnerability {unknown}
Potions
 c - a potion of ambrosia
 g - a potion of curing {unknown}
 i - 2 potions of brilliance {unknown}
 j - a potion of heal wounds {unknown}
 n - a potion of degeneration {unknown}
 o - a potion of might {unknown}


   Skills:
 + Level 3.6 Fighting
 - Level 3.0 Maces & Flails
 + Level 2.7 Dodging
 + Level 2.8 Stealth


You had one spell level left.
You didn't know any spells.
Your spell library contained the following spells:

 Spells                   Type           Power      Damage    Failure   Level
 Inner Flame              Hex/Fire       0%         N/A       75%         3
 Cause Fear               Hex            0%         N/A       98%         4
 Discord                  Hex            0%         N/A       100%        8


Dungeon Overview and Level Annotations

Branches:
Dungeon (2/15)

Altars:

Shops:
D:1 =


Innate Abilities, Weirdness & Mutations

You are immune to sickness and miasma.
Your stone body is resilient. (AC +2)
You are immune to poison.
You resist negative energy. (rN+)
You are resistant to electric shocks. (rElec)
You are resistant to unholy torment.
You are immune to petrification.


Message History

You barely miss the quokka.
The quokka is lightly wounded.
The quokka bites you.
The quokka bites you but does no damage.
You hit the quokka.
You kill the quokka!
The endoplasm freezes you.
You are frozen.
You slash the endoplasm!
You kill the endoplasm!
The adder closely misses you. The worm misses you.
The adder closely misses you.
You closely miss the adder. The adder misses you. The worm closely misses you.
The adder bites you but does no damage.
You slash the worm!
The worm is almost dead.
The adder bites you but does no damage. The adder bites you.
The worm misses you.
You hit the worm.
The worm is almost dead.
The adder barely misses you. The adder closely misses you.
The worm bites you but does no damage.
You barely miss the worm.
The worm is almost dead.
The adder barely misses you. The adder bites you. The worm barely misses you.
You barely miss the worm.
The worm is almost dead.
The adder bites you but does no damage. The adder barely misses you.
The worm bites you but does no damage. The adder bites you.
* * * LOW HITPOINT WARNING * * *
You slash the worm!
You kill the worm!
The adder bites you but does no damage. x2
You completely miss the adder. The adder bites you.
* * * LOW HITPOINT WARNING * * *
The adder closely misses you.
You barely miss the adder. The adder barely misses you.
The adder closely misses you.
You hit the adder but do no damage. The adder bites you.
You die...

.##)...# .#..)..#
###... ###....#
....# .......# .....
##.....# ...
##.....# ...
.#.....# ##### #.# #
.....#.# .....#S#.#
...###.# ####..#@#.#
~~.....# ..........#
.###############.###
.#...............#
...###############
##.# #.# ##.# ...#


You could see an adder.

Vanquished Creatures
  A worm (D:2)
  A ball python (D:2)
  2 endoplasms (D:2)
  2 goblins (D:1)
  2 hobgoblins
  A kobold (D:2)
  2 quokkas
  A bat (D:2)
  A frilled lizard (D:2)
13 creatures vanquished.

Notes
Turn   | Place    | Note
-------+----------+-------------------------------------------
     0 | D:1      | Harunobu the Gargoyle Monk began the quest for the Orb.
     0 | D:1      | Reached XP level 1. HP: 14/14 MP: 1/1
   132 | D:1      | Found Emmuul's Jewellery Shoppe.
   323 | D:1      | Found a faded altar of an unknown god.
   653 | D:2      | Reached XP level 2. HP: 19/19 MP: 2/2
   893 | D:2      | Slain by an adder

Illustrated notes

Levels and vault maps discovered:
D:1:      minmay_arrival_semitransparent, layout_basic, serial_shops,
          shop_statue, ebering_ecumenical_altar_webs
D:2:      kennysheep_big_flooded_room, layout_basic, serial_rivers,
          chequers_serial_rivers_micro_c, chequers_serial_rivers_marsh,
          chequers_serial_rivers_large_b, chequers_serial_rivers_room_a,
          basic_altar, minmay_hedge_maze, chequers_avenue, minmay_fountain_box

Action                   || total
-------------------------++-------
Melee: Great sword       ||    50
       Mace              ||     1
 Stab: Sleeping          ||     3
Armor: Robe              ||    26
Dodge: Dodged            ||    54

Table legend: (Time is in decaauts)
 A = Elapsed time spent in this place.
 B = Non-inter-level travel time spent in this place.
 C = Inter-level travel time spent in this place.
 D = Time resting spent in this place.
 E = Time spent auto-exploring this place.
 F = Levels seen in this place.
 G = Mean time per level.
                   A        B        C        D        E       F      G
               +--------+--------+--------+--------+--------+-----+--------+
         Total |    956 |    903 |     53 |     25 |    701 |   2 |  478.0 |
       Dungeon |    956 |    903 |     53 |     25 |    701 |   2 |  478.0 |
               +--------+--------+--------+--------+--------+-----+--------+

Top non-repeatable levels by time:
     D:1: 489 daAuts
     D:2: 467 daAuts
